 Dungeon Crawl Stone Soup version 0.31-a0-267-g3fc6992b3b (webtiles) character file.

Game seed: 11702144665170260104

163 qw the Shooter (level 5, -2/45 HPs)
             Began as a Minotaur Hexslinger on July 14, 2023.
             Was an Initiate of Okawaru.
             Slain by a steam dragon (4 damage)
             ... on level 4 of the Dungeon.
             The game lasted 00:01:12 (3095 turns).

qw the Shooter (Minotaur Hexslinger)                Turns: 3095, Time: 00:01:13

Health: -2/45      AC:  5    Str: 12      XL:     5   Next: 20%
Magic:  5/5        EV: 11    Int:  9 (10) God:    Okawaru [......]
Gold:   204        SH:  0    Dex: 14 (15) Spells: 5/6 levels left

rFire   . . .        Y - +1 sling
rCold   + . .        (no shield)
rNeg    . . .        g - +0 ring mail
rPois   .            (helmet restricted)
rElec   .            (no cloak)
rCorr   .            (no gloves)
SInv    .            (no boots)
Will    .....        (no amulet)
Stlth   +            h - ring of protection from cold
HPRegen 0.27/turn    (no ring)
MPRegen 0.09/turn

%: no passive effects
@: no status effects
A: horns 2, retaliatory headbutt
a: Renounce Religion


You were on level 4 of the Dungeon.
You worshipped Okawaru.
Okawaru was noncommittal.
You visited 2 branches of the dungeon, and saw 5 of its levels.

You collected 204 gold pieces.


Innate Abilities, Weirdness & Mutations

You have a pair of horns on your head.
You reflexively headbutt those who attack you in melee.


   Skills:
 - Level 3.1 Fighting
 + Level 5.2 Ranged Weapons
 - Level 1.0 Armour
 - Level 2.1 Dodging
 - Level 1.0 Spellcasting
 - Level 2.0 Hexes


You had 5 spell levels left.
You knew the following spells:

 Your Spells              Type           Power      Damage    Failure   Level
a - Slow                  Hex            16%        N/A       36%         1

Your spell library contained the following spells:

 Spells                   Type           Power      Damage    Failure   Level
 Inner Flame              Hex/Fire       2%         N/A       86%         3
 Portal Projectile        Hex/Tloc       4%         N/A       86%         3
 Cause Fear               Hex            2%         N/A       98%         4

Inventory:

Hand Weapons
 Y - a +1 sling (weapon)
Armour
 g - a +0 ring mail (worn)
Jewellery
 h - a ring of protection from cold (left hand)
Potions
 c - a potion of enlightenment
 f - 2 potions of curing

Dungeon Overview and Level Annotations

Branches:
Dungeon (4/15)             Temple (1/1) D:4

Altars:
Ashenzari
Cheibriados
Dithmenos
Elyvilon
Gozag
Hepliaklqana
Kikubaaqudgha
Makhleb
Okawaru
Qazlal
Ru
Sif Muna
Wu Jian
Xom
The Shining One

Annotations:
D:3 2 transporters, qw's ghost, amateur GrHs


Message History

A steam dragon comes into view.
The steam dragon hisses angrily.
Enter note:
Enter note:
Enter note:
Enter note:
Enter note:
Enter note: You shoot a sling bullet.
The sling bullet hits the steam dragon.
The steam dragon is lightly wounded.
You shoot a sling bullet.
The sling bullet hits the steam dragon but does no damage.
The steam dragon is lightly wounded.
You shoot a sling bullet. The sling bullet hits the steam dragon.
The steam dragon is moderately wounded.
You shoot a sling bullet. The sling bullet hits the steam dragon.
The steam dragon is moderately wounded.
The steam dragon bites you! The steam dragon closely misses you.
You shoot a sling bullet.
The sling bullet hits the steam dragon but does no damage.
The steam dragon is moderately wounded.
The steam dragon bites you.
The steam dragon claws you but does no damage.
You shoot a sling bullet.
The sling bullet closely misses the steam dragon.
The steam dragon closely misses you. x2; The steam dragon barely misses you.
The steam dragon claws you.
You shoot a sling bullet.
The sling bullet barely misses the steam dragon.
The steam dragon closely misses you.
The steam dragon claws you but does no damage.
You shoot a sling bullet.
The sling bullet closely misses the steam dragon.
The steam dragon breathes steam at you. The ball of steam hits you!
You shoot a sling bullet.
The sling bullet barely misses the steam dragon.
You are engulfed in a cloud of scalding steam.
The steam dragon bites you.
You die...

#. ### ### #.
... .. #. #.#..
#.##.#. #. ...
#. #.#
#D##.#####+###
#.@....#P..P.###
####.##...}....#
##.##.P.....#
#..#P#_._._###
#.#####.##PP.#
#.# #.......#
#.####.......#
#............#
#..####...##.#


You could see a steam dragon (catching breath).

Vanquished Creatures
  A hound (D:4)
  Robin (D:3)
  An adder (D:4)
  An ufetubus (D:4)
  4 dart slugs
  5 orcs (D:3)
  8 ball pythons
  4 bats
  6 endoplasms
  3 giant cockroaches
  15 goblins
  8 hobgoblins
  7 jackals
  3 quokkas
  4 frilled lizards
  9 kobolds
  5 rats
85 creatures vanquished.

Vanquished Creatures (others)
  A butterfly (D:3)
1 creature vanquished.

Grand Total: 86 creatures vanquished

Notes
Turn   | Place    | Note
-------+----------+-------------------------------------------
     0 | D:1      | qw the Minotaur Hexslinger began the quest for the Orb.
     0 | D:1      | Reached XP level 1. HP: 16/16 MP: 1/1
     0 | D:1      | 0 ||| qw: Version: 0.3-a-52-g30416fa
     0 | D:1      | 0 ||| qw: Game counter: 7885
     0 | D:1      | 0 ||| qw: Melee chars always use a shield: true
     0 | D:1      | 0 ||| qw: God list: Okawaru
     0 | D:1      | 0 ||| qw: Allow faded altars: false
     0 | D:1      | 0 ||| qw: Do Orc after clearing Dungeon:15 true
     0 | D:1      | 0 ||| qw: Do second Lair branch before Depths: true
     0 | D:1      | 0 ||| qw: Lair rune preference: random
     0 | D:1      | 0 ||| qw: Goals: Normal
     0 | D:1      | 0 ||| PLANNING D:1-11
   102 | D:1      | Reached skill level 3 in Ranged Weapons
   114 | D:1      | Reached XP level 2. HP: 23/23 MP: 2/2
   191 | D:1      | 191 ||| FLEEEEING.
   537 | D:1      | Reached XP level 3. HP: 29/29 MP: 3/3
   847 | D:1      | Found a faded altar of an unknown god.
   878 | D:1      | 878 ||| UPGRADING to +0 leather armour.
   888 | D:1      | 888 ||| DROPPING +0 robe.
   889 | D:1      | 889 ||| UPGRADING to +0 ring mail.
   899 | D:1      | 899 ||| DROPPING +0 leather armour.
   900 | D:1      | 900 ||| UPGRADING to ring of protection from cold.
   901 | D:1      | 901 ||| READING scroll labelled BAXAFF MUNI.
   952 | D:1      | 952 ||| DROPPING scroll of poison.
  1215 | D:2      | Reached skill level 4 in Ranged Weapons
  1461 | D:2      | Reached skill level 1 in Armour
  1800 | D:2      | 1800 ||| DRINKING 2 yellow potions.
  1801 | D:2      | 1801 ||| DRINKING 2 purple potions.
  1802 | D:2      | 1802 ||| DROPPING potion of degeneration.
  1835 | D:3      | Noticed qw's ghost (amateur GrHs)
  1844 | D:3      | Reached XP level 4. HP: 36/36 MP: 4/4
  1887 | D:3      | Found a transporter.
  1894 | D:3      | Found a transporter.
  1994 | D:3      | Found a white marble altar of Elyvilon.
  2169 | D:3      | Noticed Robin
  2181 | D:3      | Killed Robin
  2475 | D:3      | 2475 ||| READING scroll labelled YROOKL REZYCRA.
  2476 | D:3      | 2476 ||| READING scroll labelled KUSACW GOAQO.
  2477 | D:3      | 2477 ||| DRINKING 2 glowing golden potions.
  2520 | D:4      | Reached skill level 5 in Ranged Weapons
  2520 | D:4      | 2520 ||| STAIRDANCE
  2609 | D:4      | Reached skill level 3 in Fighting
  2609 | D:4      | Reached XP level 5. HP: 43/45 MP: 5/5
  2795 | D:4      | Found a staircase to the Ecumenical Temple.
  2796 | D:4      | 2796 ||| PLANNING TEMPLE
  2796 | D:4      | 2796 ||| READING scroll labelled HEHILYMOETS.
  2846 | Temple   | Entered the Ecumenical Temple
  2885 | Temple   | 2885 ||| PLANNING OKAWARU WORSHIP
  3019 | Temple   | Became a worshipper of Warmaster Okawaru
  3020 | Temple   | 3020 ||| PLANNING D:1-11
  3057 | D:4      | Found a stormy altar of Qazlal.
  3059 | D:4      | Found an ornate altar of the Wu Jian Council.
  3065 | D:4      | Found a snail-covered altar of Cheibriados.
  3086 | D:4      | Noticed a steam dragon
  3095 | D:4      | HP: 2/45 [steam dragon] (11)]
  3095 | D:4      | Slain by a steam dragon

Levels and vault maps discovered:
D:1:      heliophobic_arrival_ceremonial_halls, layout_basic,
          hellmonk_ecumenical_altar_arch_garden, dreamdust_wishing_well
D:2:      layout_loops_corners, minmay_misc_feat_ornament
D:3:      layout_loops_ring, nicolae_elyvilon_peaceful_grove,
          gammafunk_ghost_arena, wander_ebering_terrifying_dragon_lair,
          uniq_robin
D:4:      layout_loops_cross, gammafunk_temple_overflow_forgotten,
          minmay_temple_entry_glassed_door, gammafunk_ghost_grave
Temple:   bh_familiar_temple

Skill      XL: |  1  2  3  4 |
---------------+-------------+-----
Ranged Weapons | 3 4 5 |  5.2
Fighting       | 2 3 |  3.1
Armour         | 1 |  1.0
Dodging        | |  2.1
Spellcasting   | |  1.0
Hexes          | |  2.0

Action                     |  1- 3 |  4- 6 || total
---------------------------+-------+-------++-------
   Fire: Sling             |   161 |   106 ||   267
    Use: Potion            |     2 |     1 ||     3
         Scroll            |     1 |     3 ||     4
 Armour: Robe              |     3 |       ||     3
         Ring mail         |    21 |    18 ||    39
  Dodge: Dodged            |    45 |    37 ||    82

Table legend:
 A = Non-vault XP
 B = Vault XP
 C = Vault XP percentage of total XP
 D = Non-vault monster count
 E = Vault monster count
 F = Vault count percentage of total count
                 A         B        C        D         E       F
            +---------+---------+-------+---------+---------+-------
      Total |     201 |      33 |  14.1 |      73 |      12 |  14.1
            +---------+---------+-------+---------+---------+-------
        D:1 |      50 |       0 |   0.0 |      27 |       0 |   0.0
        D:2 |      36 |       0 |   0.0 |      19 |       0 |   0.0
        D:3 |      39 |      33 |  45.8 |      18 |      12 |  40.0
        D:4 |      76 |       0 |   0.0 |       9 |       0 |   0.0
            +---------+---------+-------+---------+---------+-------
